 Dungeon Crawl Stone Soup version 0.19.0-1-g5985abe (webtiles) character file.

294 tyranidshit the Skirmisher (level 6, -4/53 HPs)
             Began as a Demonspawn Abyssal Knight on Nov 2, 2016.
             Was a Priest of Lugonu.
             Killed by nerve-wracking pain
             ... invoked by Menkaure
              (12 damage)
             ... on level 4 of the Dungeon.
             The game lasted 00:06:16 (2218 turns).

tyranidshit the Skirmisher (DsAK)                   Turns: 2218, Time: 00:06:17

Health: -4/53      AC:  9    Str: 14    XL:     6   Next: 11%
Magic:  0/7        EV: 10    Int: 13    God:    Lugonu [***...]
Gold:   153        SH:  0    Dex: 13    Spells: 0 memorised, 5 levels left

rFire  . . .     SeeInvis .     a - +1 hand axe
rCold  + . .     Gourm    .     d - +2 ring mail {rC+}
rNeg   . . .     Faith    .     (no shield)
rPois  .         Spirit   +     (no helmet)
rElec  .         Reflect  .     (no cloak)
rCorr  .         Harm     .     (no gloves)
MR     .....                    (no boots)
Stlth  +.........               (no amulet)
                                l - ring of flight
                                f - ring of wizardry

@: no status effects
A: slimy green scales 1, magic shield, rot immunity
a: Depart the Abyss, Bend Space, Banish, Renounce Religion, Evoke Flight


You were on level 4 of the Dungeon.
You worshipped Lugonu.
Lugonu was most pleased with you.
You were not hungry.

You visited 1 branch of the dungeon, and saw 4 of its levels.
You visited the Abyss 1 time.

You collected 153 gold pieces.

Inventory:

Hand Weapons
 a - a +1 hand axe (weapon)
Armour
 b - a +0 leather armour
 d - a +2 ring mail of cold resistance (worn)
Jewellery
 f - a ring of wizardry (left hand)
 l - a ring of flight (right hand)
Wands
 e - a wand of flame (0/48)
 t - a wand of digging (10/24)
Scrolls
 i - 2 scrolls of remove curse
 j - a scroll of fear
 k - 4 scrolls of identify
 m - a scroll of recharging {unknown}
Potions
 h - a potion of flight
Books
 n - a book of Misfortune

   Spells                             Type                      Level
   a - Confusing Touch                Hexes                        1
   b - Confuse                        Hexes                        3
   c - Gell's Gravitas                Hexes/Translocation          3
   d - Petrify                        Transmutation/Earth          4
   e - Metabolic Englaciation         Hexes/Ice                    5
   f - Yara's Violent Unravelling     Hexes/Transmutation          5
Comestibles
 c - a bread ration
 g - 2 meat rations
 o - a beef jerky
 p - a royal jelly
 r - a slice of pizza


   Skills:
 + Level 6.9 Fighting
 - Level 1.7 Axes
 - Level 1.7 Armour
 - Level 0.8 Dodging
 - Level 2.4 Invocations


You had 5 spell levels left.
You didn't know any spells.

Dungeon Overview and Level Annotations

Branches:
Dungeon (4/15)
 Temple: D:4-7

Altars:
Gozag
Makhleb
Okawaru
Vehumet
Yredelemnul
The Shining One

Annotations:
D:4 Menkaure


Innate Abilities, Weirdness & Mutations

You are partially covered in slimy green scales. (AC +2)
When hurt, damage is shared between your health and your magic reserves.
You are immune to rotting.


Message History

Menkaure points at you and mumbles some strange words.
Pain shoots through your body! Menkaure hits you!
You hit Menkaure but do no damage. Menkaure hits you!
You hit Menkaure but do no damage.
Menkaure calls on the powers of darkness!
Your body is wracked with pain!
Menkaure calls on the powers of darkness!
Your body is wracked with pain!
* * * LOW HITPOINT WARNING * * *
You hit Menkaure.
Menkaure is lightly damaged.
Menkaure calls on the powers of darkness!
Your body is wracked with pain!
* * * LOW HITPOINT WARNING * * *
Unknown command.
You hit Menkaure.
Menkaure is moderately damaged.
Menkaure points at you and mumbles some strange words.
Pain shoots through your body!
You die...

### #.. #.# #.# #.#
#M# #@# # ##### #.#
.#.##
#...########(##.....
#.................#
#.............#####
##.#########.<# #.#
#..# #.# ######..#
#.# #.......#


You could see Menkaure.

Vanquished Creatures
  A crimson imp (D:3)
  An orc wizard (D:3)
  A hound (D:3)
  Robin (D:2)
  6 adders
  4 gnolls (D:3)
  An ooze (D:3)
  A worm (D:3)
  3 leopard geckos
  5 orcs (D:3)
  4 giant cockroaches
  11 goblins
  11 hobgoblins
  5 jackals
  11 kobolds
  4 quokkas
  A ball python (D:3)
  5 bats
  A frilled lizard (D:3)
  5 rats
82 creatures vanquished.

Vanquished Creatures (others)
  4 toadstools (D:1)
4 creatures vanquished.

Grand Total: 86 creatures vanquished

Notes
Turn   | Place    | Note
-------+----------+-------------------------------------------
     0 | Abyss:1  | tyranidshit the Demonspawn Abyssal Knight began the quest for the Orb.
     0 | Abyss:1  | Reached XP level 1. HP: 18/18 MP: 2/2
    31 | Abyss:2  | Noticed a large abomination
    75 | Abyss:2  | Noticed a smoke demon
    78 | Abyss:2  | Noticed a hellwing
    81 | D:1      | Escaped the Abyss
   119 | D:1      | Reached * piety under Lugonu
   222 | D:1      | Gained mutation: You are partially covered in slimy green scales. (AC +2) [demonic ancestry]
   222 | D:1      | Reached XP level 2. HP: 8/24 MP: 3/3
   411 | D:1      | Reached skill level 4 in Fighting
   627 | D:2      | Reached XP level 3. HP: 25/30 MP: 4/4
   894 | D:2      | Found a basalt altar of Yredelemnul.
   970 | D:2      | Reached ** piety under Lugonu
   980 | D:2      | Noticed Robin
   999 | D:2      | Killed Robin
   999 | D:2      | Reached skill level 5 in Fighting
   999 | D:2      | Gained mutation: You are immune to rotting. [demonic ancestry]
   999 | D:2      | Reached XP level 4. HP: 25/39 MP: 5/5
  1284 | D:3      | Found a burning altar of Makhleb.
  1284 | D:3      | Found a radiant altar of Vehumet.
  1318 | D:3      | Gained mutation: When hurt, damage is shared between your health and your magic reserves. [demonic ancestry]
  1318 | D:3      | Reached XP level 5. HP: 26/46 MP: 6/6
  1348 | D:3      | Found an opulent altar of Gozag.
  1427 | D:3      | Found an iron altar of Okawaru.
  1434 | D:3      | Reached skill level 6 in Fighting
  1599 | D:3      | Reached *** piety under Lugonu
  1819 | D:3      | Found a glowing golden altar of the Shining One.
  2058 | D:4      | Noticed an ogre
  2104 | D:3      | Reached XP level 6. HP: 24/53 MP: 5/7
  2210 | D:4      | Noticed Menkaure
  2218 | D:4      | Killed from afar by Menkaure

Skill      XL: |  1  2  3  4  5 |
---------------+----------------+-----
Fighting       | 4 5 6 |  6.9
Axes           | |  1.7
Armour         | |  1.7
Dodging        | |  0.8
Invocations    | |  2.4

Action                   |  1- 3 |  4- 6 || total
-------------------------+-------+-------++-------
Melee: Hand axe          |   128 |   248 ||   376
Invok: Depart the Abyss  |     1 |       ||     1
  Use: Scroll            |     2 |     5 ||     7
       Potion            |       |     4 ||     4
  Eat: Bread ration      |       |     2 ||     2
Armor: Ring mail         |    75 |   163 ||   238
Dodge: Dodged            |    77 |   155 ||   232
